cohdb
Replays
Latest Replays
All Replays
Popular Replays
Top Player Replays
Match Explorer
How It Works
Community
CoH3 Stats
Reddit
Sign in to upload your games and track your stats! →
Sign in with Steam
Match 45654908
Unlisted
Match 45654908
Overview
Messages
Build Orders
End
Kettenkrad Recon Vehicle
Construct Infanterie Kompanie
MG 42 Machine Gun Team
Selects Terror Battlegroup
Selects Terror Battlegroup
Selects Terror Battlegroup
Selects Machine Gun Camouflage
MG 42 Machine Gun Team
Grenadier Squad
Construct Panzergrenadier Kompanie
Grenadier Squad
251 Medium Carrier
Infanterie Officer Quarters
Pak 40 Anti-tank Gun Team
Selects Defend the Fatherland
Panzergrenadier Squad
Support Elements
StuG III G Assault Gun
Pak 40 Anti-tank Gun Team
Side Skirts
Panzergrenadier Officer Quarters
Pioneer Squad
StuG III G Assault Gun
爆破w
Pinhi
Leonatus
Trueno
-RainyCloudCore
dl5277
Exf
Gravey
0
0
Comments
sign in to comment!
No comments posted yet!